Map: Frost LE

Players

IlIlIlIlIlIl (Naniwa) - Winner!

  • Race: Protoss Protoss
  • League: Master
  • Spawn Location: 7:00

Lambo

  • Race: Zerg Zerg
  • League: Master
  • Spawn Location: 11:00

VOD

Have the link to the VOD?

Description

Time

  • Played on: Oct. 26, 2016, 11:38 a.m.
  • Length: 14:28
Show
View Real Time Build Order
Export as new Build Order

IlIlIlIlIlIl Protoss - Winner!

Build Orders: 1 Gate Expand, Carriers 

Get SALT Encoding   

  12  0:01  Probe (Chrono Boost)  
  13  0:11  Probe (Chrono Boost)  
  14  0:17  Pylon  
  14  0:22  Probe (Chrono Boost)  
  16  0:36  Probe (Chrono Boost)  
  16  0:42  Gateway  
  16  0:46  Probe (Chrono Boost)  
  17  0:50  Assimilator  
  17  0:57  Probe (Chrono Boost)  
  18  1:07  Probe (Chrono Boost)  
  19  1:21  Nexus  
  19  1:30  Cybernetics Core  
  19  1:33  Probe (Chrono Boost)  
  19  1:38  Assimilator  
  20  1:44  Probe (Chrono Boost)  
  21  1:50  Pylon  
  21  1:54  Probe (Chrono Boost)  
  22  2:04  Probe (Chrono Boost)  
  22  2:06  Warp Gate  
  22  2:08  Adept (Chrono Boost)  
  25  2:16  Probe  
  25  2:19  Twilight Council  
  26  2:29  Probe  
  27  2:32  Adept (Chrono Boost), Probe  
  30  2:41  Probe  
  30  2:42  Probe  
  32  2:53  Probe x2  
  32  2:55  Adept (Chrono Boost), Resonating Glaives (Chrono Boost)  
  36  3:03  Probe  
  36  3:05  Probe  
  38  3:14  Probe  
  38  3:17  Probe  
  38  3:18  Gateway  
  38  3:19  Gateway  
  40  3:24  Adept  
  40  3:26  Probe  
  42  3:29  Probe  
  42  3:32  Pylon  
  44  3:39  Probe, Stargate  
  45  3:41  Probe  
  46  3:49  Pylon  
  46  3:50  Probe  
  46  3:54  Probe  
  48  4:00  Probe  
  49  4:09  Mothership Core  
  51  4:11  Probe  
  51  4:14  Adept x3  
  58  4:17  Pylon  
  58  4:22  Probe  
  59  4:30  Oracle (Chrono Boost)  
  62  4:34  Nexus  
  62  4:35  Probe  
  62  4:36  Probe, Pylon  
  64  4:40  Assimilator  
  64  4:42  Assimilator  
  64  4:49  Probe  
  64  4:50  Probe  
  64  4:59  Probe  
  64  5:02  Probe, Oracle (Chrono Boost)  
  69  5:07  Pylon  
  69  5:14  Pylon  
  63  5:16  Adept x3  
  63  5:17  Probe  
  63  5:19  Probe  
  65  5:28  Probe  
  65  5:31  Probe  
  67  5:38  Probe  
  68  5:43  Probe, Fleet Beacon  
  68  5:45  Stargate  
  68  5:49  Probe  
  69  5:50  Probe  
  69  5:51  Adept  
  69  5:53  Adept  
  69  5:54  Adept  
  69  5:55  Probe  
  78  5:59  Probe, Assimilator  
  78  6:00  Probe, Assimilator  
  78  6:03  Protoss Air Weapons Level 1  
  80  6:07  Probe  
  80  6:10  Probe  
  80  6:11  Probe, Pylon  
  81  6:13  Forge  
  83  6:19  Probe  
  83  6:21  Probe x2  
  84  6:29  Pylon, Carrier (Chrono Boost)  
  84  6:31  Probe  
  91  6:43  Pylon  
  91  6:51  Protoss Shields Level 1  
  91  6:52  Gateway  
  91  6:53  Templar Archives  
  91  6:54  Gateway  
  91  6:56  Gateway  
  91  7:00  Pylon  
  87  7:02  Adept x3  
  93  7:08  Pylon  
  93  7:10  Pylon  
  93  7:11  Pylon  
  93  7:23  Photon Cannon  
  93  7:25  Pylon  
  93  7:28  Adept x2, Sentry  
  93  7:29  Pylon  
  99  7:39  Graviton Catapult, Carrier (Chrono Boost)  
  111  7:45  Carrier (Chrono Boost)  
  109  8:04  Protoss Air Weapons Level 2  
  109  8:09  Psionic Storm  
  108  8:15  Adept x6  
  120  8:20  Pylon  
  120  8:21  Photon Cannon  
  120  8:22  Probe, Photon Cannon  
  120  8:23  Probe  
  120  8:24  Probe  
  120  8:53  Carrier (Chrono Boost)  
  126  8:59  Carrier (Chrono Boost)  
  132  9:07  Adept x5  
  109  9:31  Adept x6, Assimilator  
  115  9:34  Probe  
  115  9:35  Probe x2  
  122  9:48  Pylon  
  121  9:59  High Templar x2  
  125  10:00  High Templar x2, Adept x2  
  125  10:03  Photon Cannon  
  125  10:06  Pylon  
  133  10:13  Photon Cannon  
  133  10:14  Photon Cannon  
  133  10:15  Photon Cannon  
  133  10:17  Pylon  
  133  10:20  Protoss Air Armor Level 1  
  126  10:22  Probe, Photon Cannon  
  126  10:24  Probe x2, Photon Cannon  
  126  10:26  Photon Cannon  
  122  10:31  Photon Cannon  
  122  10:35  High Templar x4  
  130  10:39  Archon  
  130  10:40  Archon  
  130  10:42  Gateway  
  130  10:45  Photon Cannon  
  130  10:47  Photon Cannon  
  136  11:06  Nexus  
  136  11:19  Pylon  
  136  11:24  Carrier (Chrono Boost)  
  142  11:53  Adept x4  
  143  11:58  Adept  
  143  11:59  Adept x3  
  143  12:00  High Templar x2  
  141  12:07  Archon  
  141  12:23  Pylon  
  141  12:25  Pylon  
  147  12:30  Carrier (Chrono Boost)  
  143  12:38  Carrier (Chrono Boost)  
  143  12:40  Assimilator  
  143  12:42  Assimilator  
  149  12:50  High Templar  
  149  12:51  High Templar x3  
  153  12:54  Adept  
  153  12:57  Archon  
  159  13:05  High Templar x2  
  163  13:10  Archon x2  
  161  13:27  Photon Cannon  
  161  13:28  Photon Cannon  
  161  13:31  High Templar x3  
  161  13:32  High Templar, Adept  
  171  13:36  Archon x2  
  171  13:44  Adept x2  
  164  14:07  Adept x4  
Show
View Real Time Build Order
Export as new Build Order

Lambo Zerg 

Build Orders: Hatch First 

Get SALT Encoding   

  12  0:02  Drone  
  13  0:14  Overlord  
  13  0:18  Drone  
  14  0:33  Drone x2  
  16  0:39  Drone  
  17  0:52  Hatchery  
  17  0:56  Drone  
  17  0:59  Drone  
  18  1:10  Extractor  
  17  1:14  Spawning Pool  
  17  1:17  Drone  
  17  1:20  Drone  
  18  1:30  Drone  
  19  1:43  Overlord  
  19  1:55  Drone  
  19  2:00  Queen  
  22  2:03  Zergling x2  
  22  2:04  Zergling x2, Queen  
  26  2:10  Metabolic Boost  
  26  2:13  Drone  
  26  2:15  Drone  
  28  2:30  Drone x2  
  28  2:36  Drone  
  31  2:43  Hatchery  
  30  2:45  Drone  
  30  2:49  Queen  
  34  2:51  Drone  
  34  2:59  Overlord  
  34  3:01  Drone x2  
  35  3:16  Overlord  
  35  3:18  Drone x2  
  35  3:19  Zergling x6  
  40  3:21  Drone x2  
  42  3:28  Zergling x2  
  43  3:34  Roach Warren  
  43  3:35  Overlord  
  42  3:41  Drone  
  42  3:42  Drone x3  
  42  3:47  Overlord  
  46  3:53  Drone  
  46  3:54  Drone  
  48  4:04  Drone  
  48  4:07  Evolution Chamber  
  48  4:14  Drone x2  
  50  4:18  Roach x8  
  50  4:23  Roach  
  67  4:31  Zergling x4  
  67  4:34  Overlord  
  67  4:36  Zergling x4  
  71  4:39  Overlord  
  71  4:44  Zergling x6  
  71  4:48  Spore Crawler  
  71  4:49  Spore Crawler  
  71  4:50  Spore Crawler  
  66  4:53  Drone x5  
  66  4:57  Drone x3  
  74  5:01  Drone  
  74  5:03  Zerg Melee Weapons Level 1  
  74  5:04  Drone  
  76  5:12  Drone x4  
  77  5:17  Drone x2  
  77  5:19  Drone  
  77  5:20  Drone x2  
  80  5:24  Extractor  
  78  5:29  Drone x6  
  84  5:47  Drone x6  
  89  5:50  Extractor, Lair  
  89  5:56  Extractor, Drone x3  
  89  5:58  Extractor  
  89  6:00  Hatchery  
  89  6:02  Drone x2  
  89  6:03  Overlord x2  
  89  6:13  Overlord  
  88  6:21  Drone x3  
  88  6:22  Drone x2  
  91  6:27  Zergling x2  
  91  6:28  Baneling Nest, Zergling x12  
  91  6:32  Zergling x4  
  99  6:39  Zergling x2  
  100  6:40  Zergling x8  
  100  6:43  Hatchery  
  103  6:50  Zergling x6  
  105  7:02  Drone x2  
  105  7:03  Zergling x10  
  105  7:08  Ravager, Zerg Melee Weapons Level 2, Glial Reconstitution  
  113  7:10  Centrifical Hooks, Drone  
  113  7:14  Hatchery  
  113  7:17  Zergling x12  
  113  7:20  Drone  
  120  7:27  Overlord x4  
  120  7:28  Overlord, Pneumatized Carapace  
  120  7:30  Overlord  
  120  7:37  Overlord x2, Hatchery  
  118  7:47  Zergling x18  
  126  7:53  Ravager x5  
  131  8:01  Infestation Pit  
  131  8:03  Ravager  
  131  8:04  Overlord  
  131  8:10  Overlord  
  131  8:11  Zergling x22  
  142  8:16  Overlord  
  142  8:19  Ravager x2  
  144  8:24  Drone x7  
  144  8:26  Queen  
  153  8:30  Baneling x14  
  153  8:35  Baneling x10  
  153  8:38  Drone  
  153  8:39  Drone  
  152  8:44  Baneling x5  
  152  8:46  Zergling x14  
  158  8:55  Baneling  
  158  8:56  Baneling x5  
  158  9:02  Zergling x24  
  162  9:08  Queen x2  
  146  9:22  Zergling x14  
  146  9:23  Zergling x10  
  137  9:31  Drone x4  
  137  9:34  Spore Crawler  
  137  9:37  Queen  
  142  9:39  Spire  
  142  9:41  Queen  
  142  9:43  Drone x3  
  142  9:44  Spore Crawler, Drone  
  143  9:50  Baneling  
  143  9:51  Baneling x10  
  143  9:53  Queen  
  145  10:01  Queen x2  
  147  10:12  Queen  
  149  10:16  Queen  
  143  10:29  Queen  
  142  10:36  Queen  
  142  10:37  Queen  
  143  10:43  Zerg Ground Armor Level 1  
  143  10:46  Evolution Chamber  
  143  10:48  Queen  
  144  10:52  Queen  
  144  10:55  Spore Crawler  
  144  10:56  Spore Crawler, Drone x3  
  144  10:57  Spore Crawler x2, Queen  
  147  10:58  Spore Crawler  
  150  11:05  Queen  
  150  11:10  Zerg Flyer Armor Level 1  
  151  11:12  Queen  
  151  11:13  Zerg Missile Weapons Level 1  
  151  11:16  Extractor  
  151  11:17  Extractor  
  153  11:24  Queen  
  155  11:28  Queen  
  155  11:29  Baneling x7  
  151  11:36  Corruptor x3  
  151  11:37  Corruptor x7  
  171  11:40  Queen  
  171  11:46  Corruptor  
  168  11:57  Queen  
  168  11:59  Queen  
  166  12:02  Hatchery, Corruptor  
  166  12:03  Corruptor x2  
  166  12:05  Zergling x22  
  174  12:14  Zergling x14  
  181  12:26  Corruptor x2  
  181  12:38  Corruptor x2  
  185  12:47  Corruptor  
  185  12:48  Corruptor  
  189  12:58  Corruptor x2  
  189  13:01  Baneling x3  
  189  13:02  Baneling  
  189  13:04  Overlord  
  189  13:13  Baneling x4  
  189  13:14  Zergling x10, Baneling  
  179  13:20  Zergling x2  
  179  13:21  Zergling x8  
  179  13:23  Baneling x3  
  184  13:30  Overseer x3  
  184  13:34  Overseer  
  184  13:35  Corruptor  
  186  13:47  Corruptor x2  
  190  13:51  Zergling x2  
  190  13:52  Zergling x10  
Tags
 
Add a new tag
Caveats
  • Supply blocks, unpowered buildings, or Contaminate may cause inaccurate times.
  • Supply counts are checked every 10 seconds.